 Dungeon Crawl Stone Soup version 0.30-a0-325-gb515db48ae (webtiles) character file.

Game seed: 6496006554829955641

18 Leocordis the Grave Robber (level 2, 0/19 HPs)
             Began as a Vampire Necromancer on Oct 28, 2022.
             Slain by a worm (11 damage)
             ... on level 2 of the Dungeon.
             The game lasted 00:09:04 (983 turns).

Leocordis the Grave Robber (Vampire Necromancer)     Turns: 983, Time: 00:09:05

Health: 0/19       AC:  2    Str:  7    XL:     2   Next: 48%
Magic:  0/5        EV: 12    Int: 17    God:
Gold:   57         SH:  0    Dex: 14    Spells: 4/5 levels left

rFire   . . .      SeeInvis +    d - +0 short sword
rCold   . . .      Faith    .    (no shield)
rNeg    . . .      Spirit   .    a - +0 robe
rPois   .          Reflect  .    (no helmet)
rElec   .          Harm     .    (no cloak)
rCorr   .          Rampage  .    (no gloves)
Will    .....                    (no boots)
Stlth   ++........               (no amulet)
HPRegen 0.43/turn                (no ring)
MPRegen 0.09/turn                (no ring)

@: healing quickly
A: alive, fangs 3, see invisible, vampiric 1
a: Exsanguinate


You were on level 2 of the Dungeon.
You visited 1 branch of the dungeon, and saw 2 of its levels.

You collected 57 gold pieces.

Inventory:

Hand Weapons
 d - a +0 short sword (weapon)
 i - a +0 dagger
Armour
 a - a +0 robe (worn)
Scrolls
 c - 4 scrolls of identify {unknown}
 g - a scroll of enchant armour {unknown}
 h - a scroll of teleportation {unknown}
Potions
 b - 2 potions of magic
 e - a potion of attraction {unknown}
 f - a potion of haste {unknown}


   Skills:
 * Level 0.2 Short Blades
 + Level 2.2 Dodging
 + Level 3.4 Stealth
 * Level 2.2 Spellcasting
 * Level 4.8 Necromancy


You had 4 spell levels left.
You knew the following spells:

 Your Spells              Type           Power      Damage    Failure   Level
a - Necrotise             Necr           72%        1d7       2%          1

Your spell library contained the following spells:

 Spells                   Type           Power      Damage    Failure   Level
 Vampiric Draining        Necr           18%        2d7       8%          3
 Animate Dead             Necr           18%        N/A       26%         4
 Agony                    Necr           18%        N/A       58%         5


Dungeon Overview and Level Annotations

Branches:
Dungeon (2/15)

Altars:


Innate Abilities, Weirdness & Mutations

Your natural rate of healing is accelerated.
You have razor-sharp teeth.
You have supernaturally acute eyesight. (SInv)
You are afflicted with vampirism.


Message History

Casting: Necrotise (safe; 2% risk of failure)
Confirm with . or Enter, or press ? or * to list all spells.
Aiming: Necrotise (safe; 2% risk of failure)
Press: ? - help, Shift-Dir - straight line, f - worm
Aim: a worm (chance to affect: 83%)
The worm writhes in agony!
Casting: Necrotise (safe; 2% risk of failure)
Confirm with . or Enter, or press ? or * to list all spells.
Aiming: Necrotise (safe; 2% risk of failure)
Press: ? - help, Shift-Dir - straight line, f/p - worm
Aim: a worm (moderately wounded, chance to affect: 83%)
The worm barely resists.
Casting: Necrotise (safe; 2% risk of failure)
Confirm with . or Enter, or press ? or * to list all spells.
Aiming: Necrotise (safe; 2% risk of failure)
Press: ? - help, Shift-Dir - straight line, f/p - worm
Aim: a worm (moderately wounded, chance to affect: 83%)
The worm writhes in agony.
Casting: Necrotise (safe; 2% risk of failure)
Confirm with . or Enter, or press ? or * to list all spells.
Aiming: Necrotise (safe; 2% risk of failure)
Press: ? - help, Shift-Dir - straight line, f/p - worm
Aim: a worm (heavily wounded, chance to affect: 83%)
The worm writhes in agony.
Casting: Necrotise (safe; 2% risk of failure)
Confirm with . or Enter, or press ? or * to list all spells.
You don't have enough magic to cast this spell.
Unknown command.
You hit the worm.
The worm is severely wounded.
You barely miss the worm.
The worm is severely wounded.
The worm bites you!
You hit the worm.
The worm is severely wounded.
You hit the worm but do no damage.
The worm is severely wounded.
The worm bites you!
Ouch! That really hurt!
You die...

#.## #.#
# #.#
...####.#
#......##
#####...#
#...#
#...#
#@..#
#.w..#
#....#
#....#
.....##
##.....
#.#...
......#


You could see a worm.

Vanquished Creatures
  A dart slug (D:1)
  2 endoplasms
  A goblin (D:1)
  2 hobgoblins (D:1)
  2 kobolds (D:1)
  A ball python (D:1)
  2 bats (D:1)
  3 frilled lizards (D:1)
  A rat (D:1)
15 creatures vanquished.

Vanquished Creatures (collateral kills)
  An endoplasm (D:1)
1 creature vanquished.

Grand Total: 16 creatures vanquished

Notes
Turn   | Place    | Note
-------+----------+-------------------------------------------
     0 | D:1      | Leocordis the Vampire Necromancer began the quest for the
                  | Orb.
     0 | D:1      | Reached XP level 1. HP: 13/13 MP: 3/3
   167 | D:1      | Reached XP level 2. HP: 17/19 MP: 3/5
   983 | D:2      | Slain by a worm

Illustrated notes

Levels and vault maps discovered:
D:1:      evilmike_arrival_crescent, layout_basic, nrook_mini_vaults
D:2:      minmay_door_path, layout_rooms, serial_curves, eino_curves_01,
          eino_curves_04

Action                   || total
-------------------------++-------
Melee: Unarmed           ||    12
       Short sword       ||     6
 Cast: Necrotise         ||    24
 Stab: Distracted        ||     1
       Sleeping          ||     1
Armor: Robe              ||     1
Dodge: Dodged            ||    12

Table legend: (Time is in decaauts)
 A = Elapsed time spent in this place.
 B = Non-inter-level travel time spent in this place.
 C = Inter-level travel time spent in this place.
 D = Time resting spent in this place.
 E = Time spent auto-exploring this place.
 F = Levels seen in this place.
 G = Mean time per level.
                   A        B        C        D        E       F      G
               +--------+--------+--------+--------+--------+-----+--------+
         Total |    982 |    957 |     25 |     18 |    761 |   2 |  491.0 |
       Dungeon |    982 |    957 |     25 |     18 |    761 |   2 |  491.0 |
               +--------+--------+--------+--------+--------+-----+--------+

Top non-repeatable levels by time:
     D:1: 948 daAuts
     D:2: 33 daAuts
